 Dungeon Crawl Stone Soup version 0.30.0-5-g1a98f26d00 (webtiles) character file.

Game seed: 17217451632723895166

6748 qeuew the Protected (level 10, -7/90 HPs)
             Began as a Minotaur Fighter on May 10, 2023.
             Was a Follower of Ru.
             Mangled by a freezing wraith (9 damage)
             ... on level 9 of the Dungeon.
             The game lasted 00:09:41 (7076 turns).

qeuew the Protected (Minotaur Fighter)              Turns: 7076, Time: 00:09:42

Health: -7/90      AC: 16    Str: 24    XL:     10   Next: 75%
Magic:  9/9        EV: 17    Int:  5    God:    Ru [*.....]
Gold:   455        SH:  8    Dex: 11    Spells: 9/9 levels left

rFire   . . .        a - +0 war axe (flame)
rCold   . . .        d - +2 buckler {reflect}
rNeg    . . .        b - +0 scale mail
rPois   .            (helmet restricted)
rElec   .            (no cloak)
rCorr   .            f - +0 pair of gloves
SInv    .            (no boots)
Will    .....        (no amulet) Stlth
                     c - +4 ring of protection
HPRegen 0.35/turn    q - +5 ring of evasion
MPRegen 0.11/turn

%: reflection
@: mighty, invisible
A: horns 2, no earth magic, no hexes magic, no necromancy magic, retaliatory
headbutt, iridescent scales 1, sense surroundings 1
a: Renounce Religion


You were on level 9 of the Dungeon.
You worshipped Ru.
Ru was aware of your devotion.
You visited 2 branches of the dungeon, and saw 10 of its levels.
You also visited: Sewer.

You collected 455 gold pieces.

Inventory:

Hand Weapons
 a - a +0 war axe of flaming (weapon)
Armour
 b - a +0 scale mail (worn)
 d - a +2 buckler of reflection (worn)
 f - a +0 pair of gloves (worn)
Jewellery
 c - a +4 ring of protection (left hand)
 q - a +5 ring of evasion (right hand)
Wands
 r - a wand of digging (3)
 v - a wand of charming (14)
Scrolls
 i - 4 scrolls of teleportation
 k - a scroll of enchant armour
 s - a scroll of identify
 t - a scroll of enchant weapon
Potions
 e - a potion of magic
 g - 2 potions of brilliance
 h - 3 potions of curing
 j - 2 potions of ambrosia
 m - a potion of cancellation
 n - a potion of flight {unknown}
 u - 2 potions of resistance


   Skills:
 + Level 8.5 Fighting
 + Level 8.1 Axes
 * Level 11.5 Armour
 + Level 7.0 Dodging
 + Level 8.5 Shields
 + Level 4.1 Evocations


You had 9 spell levels left.
You didn't know any spells.
Your spell library contained the following spells:

 Spells                   Type           Power      Damage    Failure   Level
 Blade Hands              Tmut           0%         N/A       100%        5
 Portal Projectile        Hex/Tloc       Unusable   N/A       N/A         3
 Tukima's Dance           Hex            Unusable   N/A       N/A         3

Dungeon Overview and Level Annotations

Branches:
Dungeon (9/15)             Temple (1/1) D:5            Lair (0/5) D:8
  Sewer (visited)
    Orc: D:9-12

Altars:
Ashenzari
Cheibriados
Dithmenos
Elyvilon
Fedhas
Gozag
Hepliaklqana
Kikubaaqudgha
Makhleb
Nemelex Xobeh
Okawaru
Qazlal
Ru
Sif Muna
Trog
Uskayaw
Wu Jian
Xom
Yredelemnul
Zin
Lugonu

Shops:
D:4 !   D:8 (

Annotations:
D:8 4 transporters, Loveship's ghost, journeyman MfGl


Innate Abilities, Weirdness & Mutations

You have a pair of horns on your head.
You cannot study or cast Earth magic.
You cannot study or cast Hexes magic.
You cannot study or cast Necromancy magic.
You reflexively headbutt those who attack you in melee.
You are partially covered in iridescent scales. (AC +2)
You passively map a small area around you.


Message History

You are no longer poisoned.
You block the freezing wraith's attack. x2
Unknown command.
You closely miss the freezing wraith.
You headbutt the freezing wraith, but do no damage.
The freezing wraith is heavily damaged.
The slime creature quivers.
The freezing wraith hits you but does no damage.
The freezing wraith completely misses you.
The vampire casts a spell.
The vampire flickers and vanishes!
Deactivating autopickup; reactivate with Ctrl-A.
The manticore flicks its tail.
The volley of spikes hits the freezing wraith but does no damage.
You barely miss the freezing wraith.
The freezing wraith is heavily damaged.
The slime creature quivers.
The freezing wraith hits you. The freezing wraith freezes you!
* * * LOW HITPOINT WARNING * * *
The freezing wraith misses you.
The manticore begins to attack, but is stunned by your conviction!
You closely miss the freezing wraith.
The freezing wraith is heavily damaged.
The slime creature quivers.
The wizard mumbles some strange words.
The wizard flickers and vanishes!
The manticore flicks its tail.
The volley of spikes hits the freezing wraith!
The freezing wraith closely misses you. The freezing wraith hits you!
* * * LOW HITPOINT WARNING * * *
Unknown command.
You hit the freezing wraith. You burn the freezing wraith.
The freezing wraith is almost destroyed.
The slime creature quivers.
The freezing wraith hits you.
* * * LOW HITPOINT WARNING * * *
The freezing wraith freezes you!
* * * LOW HITPOINT WARNING * * *
The freezing wraith hits you!
You die...

* ** ## * *#.
... , *#.,*##.#
##..*#..#, * ,
#.. #./# # *
####.##..# .##
#....#..# ...##
,
#....#.##J::".#
,
#..)).#@W{{⌠:..
,,
#....#.##H:|).#
,,
#....#..#*...##
*
#....##..#*.##
, *,
#.....##..# #
,* #......##..#
,
####.#..###.#*
#...## *#.*
#..#### * * ,,


You could see a slime creature (wandering, unable to see you), a manticore
(unable to see you) and a freezing wraith.

Vanquished Creatures
  A hydra (D:9)
  The ghost of Juicyj the Cleaver, a novice MiFi (D:7)
  An ugly thing (D:9)
  A meliai (D:9)
  Grinder (D:6)
  A wyvern (D:8)
  7 yaks
  Eustachio (D:5)
  A vampire mosquito (D:9)
  2 orc warriors
  3 ice beasts
  3 black bears
  An ogre (D:6)
  6 phantoms
  2 centaurs (D:6)
  3 kobold brigands (D:7)
  Blork the orc (D:5)
  4 bullfrogs
  A scorpion (D:5)
  A water moccasin zombie (D:5)
  5 wights (D:7)
  6 killer bees (D:8)
  A centaur zombie (D:5)
  3 jellies
  A bullfrog zombie (D:5)
  3 bullfrog skeletons (D:5)
  8 orc priests
  4 sleepcaps
  4 hounds
  9 orc wizards
  A hell rat (Sewer)
  3 howler monkey zombies (D:5)
  8 gnolls
  A river rat (Sewer)
  9 adders
  A shadow imp (D:5)
  An ufetubus (D:5)
  4 worms
  4 dart slugs (D:3)
  35 orcs
  4 ball pythons
  7 bats
  5 endoplasms
  5 giant cockroaches
  2 goblins
  8 hobgoblins
  13 jackals
  4 quokkas
  4 frilled lizards
  23 kobolds
  10 rats
238 creatures vanquished.

Vanquished Creatures (others)
  A giant cockroach (D:3)
1 creature vanquished.

Grand Total: 239 creatures vanquished

Notes
Turn   | Place    | Note
-------+----------+-------------------------------------------
     0 | D:1      | qeuew the Minotaur Fighter began the quest for the Orb.
     0 | D:1      | Reached XP level 1. HP: 19/19 MP: 0/0
   143 | D:1      | Reached XP level 2. HP: 27/27 MP: 1/1
   273 | D:1      | Reached skill level 4 in Armour
   763 | D:1      | Reached skill level 1 in Dodging
   994 | D:2      | Reached XP level 3. HP: 23/33 MP: 2/2
   997 | D:2      | Reached XP level 4. HP: 28/40 MP: 3/3
  1076 | D:2      | Identified the +3 robe of the Amoeba {rN+ Dex+3 Stlth-}
  1408 | D:2      | Gained mutation: You passively map a small area around you.
                  | [potion of mutation]
  1408 | D:2      | Gained mutation: You are dopey. (Int -2) [potion of
                  | mutation]
  1408 | D:2      | Lost mutation: You are dopey. (Int -2) [potion of mutation]
  1408 | D:2      | Gained mutation: You are partially covered in iridescent
                  | scales. (AC +2) [potion of mutation]
  1764 | D:3      | Reached skill level 5 in Armour
  1764 | D:3      | Reached XP level 5. HP: 33/46 MP: 4/4
  1813 | D:3      | Noticed a phantom
  1818 | D:3      | Killed a phantom
  1856 | D:3      | Found a white marble altar of Elyvilon.
  1935 | D:3      | Found a glowing drain.
  1957 | Sewer    | Entered a sewer
  2028 | Sewer    | Reached XP level 6. HP: 47/53 MP: 5/5
  2551 | D:3      | Identified a scroll of acquirement
  2551 | D:3      | Acquired a +1 buckler of reflection
  2688 | D:4      | Found a shimmering altar of Xom.
  2710 | D:4      | Found Hianes's Distillery.
  2734 | D:4      | Identified the +7 dagger of Sharkskin {venom, rPois rF-
                  | Int+3}
  2766 | D:4      | Found a stormy altar of Qazlal.
  2869 | D:4      | Reached skill level 6 in Armour
  3107 | D:5      | Entered Level 5 of the Dungeon
  3133 | D:5      | Reached skill level 5 in Fighting
  3133 | D:5      | Reached skill level 5 in Shields
  3142 | D:5      | Reached XP level 7. HP: 43/61 MP: 6/6
  3281 | D:5      | Noticed Eustachio
  3292 | D:5      | Killed Eustachio
  3293 | D:5      | Reached skill level 7 in Armour
  3403 | D:5      | Reached skill level 5 in Axes
  3449 | D:5      | Reached XP level 8. HP: 70/70 MP: 7/7
  3712 | D:5      | Noticed Blork the orc
  3724 | D:5      | Reached skill level 8 in Armour
  3725 | D:5      | Killed Blork the orc
  3978 | D:5      | Found a staircase to the Ecumenical Temple.
  4092 | Temple   | Entered the Ecumenical Temple
  4101 | Temple   | Became a worshipper of Ru the Awakened
  4184 | D:6      | Reached skill level 1 in Evocations
  4457 | D:6      | Reached skill level 5 in Dodging
  4457 | D:6      | Reached XP level 9. HP: 69/78 MP: 8/8
  4459 | D:6      | Reached skill level 9 in Armour
  4591 | D:6      | Found a burning altar of Makhleb.
  4593 | D:6      | Noticed a blizzard demon
  4871 | D:6      | Noticed Grinder
  4878 | D:6      | Killed Grinder
  4929 | D:6      | Reached skill level 10 in Armour
  5150 | D:6      | Noticed a smoke demon
  5150 | D:6      | Noticed a smoke demon
  5283 | D:7      | Found an opulent altar of Gozag.
  5445 | D:7      | Reached XP level 10. HP: 20/88 MP: 9/9
  5453 | D:7      | HP: 3/88 [orc priest/divine providence (13)]
  5861 | D:7      | Found a runed translucent door.
  5861 | D:7      | Noticed Juicyj's ghost (novice MiFi)
  6225 | D:7      | Killed Juicyj's ghost
  6270 | D:8      | Found Zosadairph's Firing Range.
  6503 | D:8      | Found a staircase to the Lair.
  6517 | D:8      | Reached skill level 11 in Armour
  6603 | D:8      | Noticed a moth of wrath
  6610 | D:8      | Found a bloodstained altar of Trog.
  6610 | D:8      | Noticed Loveship's ghost (journeyman MfGl)
  6621 | D:8      | Found a transporter.
  6629 | D:8      | Found a transporter.
  6732 | D:8      | Noticed a white ugly thing
  6733 | D:8      | Found a corrupted altar of Lugonu.
  6733 | D:8      | Noticed a brown ugly thing
  6925 | D:8      | Found a transporter.
  6927 | D:8      | Found a transporter.
  6927 | D:8      | Noticed a white ugly thing
  7043 | D:9      | Identified the +3 mace of Imminent Death {pain, rPois rN+
                  | Dex-4}
  7046 | D:9      | Noticed a manticore
  7046 | D:9      | Noticed a wizard
  7046 | D:9      | Noticed a five-headed hydra
  7046 | D:9      | Noticed a green ugly thing
  7047 | D:9      | Gained mutation: You cannot study or cast Earth magic. [Ru
                  | sacrifice]
  7047 | D:9      | Gained mutation: You cannot study or cast Hexes magic. [Ru
                  | sacrifice]
  7047 | D:9      | Gained mutation: You cannot study or cast Necromancy magic.
                  | [Ru sacrifice]
  7047 | D:9      | Reached * piety under Ru
  7070 | D:9      | Killed a three-headed hydra
  7071 | D:9      | Killed a green ugly thing
  7076 | D:9      | HP: 2/90 [freezing wraith (9)]
  7076 | D:9      | Mangled by a freezing wraith

Illustrated notes

Levels and vault maps discovered:
D:1:      lemuel_arrival_behind_the_door_small, layout_basic
D:2:      layout_rooms, minmay_misc_feat_five, small_statue_intersection
D:3:      minmay_thinvault, layout_loops_cross,
          mainiacjoe_overflow_concentric_impassable, gup_sewer_entry_pipe,
          minmay_misc_feat_columns, corexii_corridor_pit
D:4:      layout_rooms, lemuel_crystal_altar, nicolae_qazlal_eye_of_the_storm,
          serial_shops, nicolae_shop_industrial_runoff
D:5:      layout_basic, minmay_temple_entry_butterflies, serial_undead,
          serial_undead_d, serial_undead_f, serial_undead_e, serial_undead_d,
          serial_undead_e, uniq_blork_the_orc, uniq_eustachio
D:6:      layout_loops_ring, makhleb_altar_promises_db, minivault_11,
          uniq_grinder
D:7:      layout_cave_pods, grunt_gozag_statues, gammafunk_ghost_grave
D:8:      gammafunk_corrupted_shrine, layout_basic, dpeg_oklobed_lair,
          gammafunk_ghost_wrathful_warriors, minmay_misc_feat_rows,
          nicolae_shop_firing_range
D:9:      minmay_the_grid_octo_2x2 [minmay_the_grid_octo_pinwheel,
          minmay_the_grid_octo_shrine, minmay_the_grid_octo_toaster,
          minmay_the_grid_octo_prize_star], layout_rooms,
          nicolae_vehumet_radiance, mainiacjoe_overflow_24_doors,
          eino_small_chamber_without_monster, grunt_ministairs_5,
          nicolae_island_escapes
Temple:   nicolae_temple_no_exploring_needed

Skill      XL: |  1  2  3  4  5  6  7  8  9 10 |
---------------+-------------------------------+-----
Armour         | 4 5 6 7 8 10 11 | 11.5
Dodging        | 1 2 3 5 6 7 |  7.0
Fighting       | 4 5 6 7 8 |  8.5
Shields        | 4 5 6 7 8 |  8.5
Axes           | 3 4 5 6 7 8 |  8.1
Evocations     | 1 3 4 |  4.1

Action                     |  1- 3 |  4- 6 |  7- 9 | 10-12 || total
---------------------------+-------+-------+-------+-------++-------
  Melee: War axe           |    44 |   170 |   214 |   134 ||   562
         Headbutt          |     8 |    23 |    42 |    34 ||   107
 Invoke: Sacrifice Arcana  |       |       |       |     1 ||     1
    Use: Potion            |     7 |     3 |     1 |     5 ||    16
         Scroll            |     1 |    12 |     2 |     1 ||    16
   Stab: Invisible         |       |       |       |     2 ||     2
 Armour: Scale mail        |    26 |    69 |   113 |    42 ||   250
  Dodge: Dodged            |    26 |    86 |   124 |    88 ||   324
  Block: Buckler           |    16 |    46 |    72 |    33 ||   167
         Reflection        |       |       |     1 |       ||     1
